 Dungeon Crawl Stone Soup version 0.28.0 (webtiles) character file.

Game seed: 16613172249541733490

68485 Illumine the Fighter (level 14, -3/132 HPs)
             Began as a Minotaur Fighter on Feb 10, 2022.
             Was the Champion of Makhleb.
             Slain by an orc warrior (9 damage)
             ... led by an orc knight
             ... on level 1 of the Orcish Mines.
             The game lasted 00:26:48 (21471 turns).

Illumine the Fighter (Minotaur Fighter)            Turns: 21471, Time: 00:26:50

Health: -3/132     AC: 22    Str: 25    XL:     14   Next: 86%
Magic:  22/23      EV:  8    Int:  5    God:    Makhleb [******]
Gold:   1697       SH: 12    Dex: 11    Spells: 13/13 levels left

rFire   + . .      SeeInvis .   a - +5 hand axe (elec)
rCold   . . .      Faith    .   O - +0 kite shield
rNeg    . . .      Spirit   .   M - +2 plate armour {Will+}
rPois   .          Reflect  .   (helmet restricted)
rElec   .          Harm     .   h - scarf {+Inv}
rCorr   .          Rampage  .   c - +2 pair of gloves
Will    +++..                   (no boots)
Stlth   ..........              f - amulet of regeneration
HPRegen 1.12/turn               r - ring of willpower
MPRegen 0.18/turn               y - ring of protection from fire

@: hasted, very quick
A: horns 2, retaliatory headbutt
a: Renounce Religion, Evoke Invisibility, Minor Destruction, Lesser Servant of
Makhleb, Major Destruction, Greater Servant of Makhleb


You were on level 1 of the Orcish Mines.
You worshipped Makhleb.
Makhleb was exalted by your worship.
You visited 5 branches of the dungeon, and saw 22 of its levels.

You collected 1697 gold pieces.

Inventory:

Hand Weapons
 a - a +5 hand axe of electrocution (weapon)
 b - a +0 war axe of flaming
 m - a +0 broad axe
 n - the +3 mace "Lusypawa" {speed, rC++ Str+4 Int+4}
   (You found it on level 11 of the Dungeon)

   Attacks with this weapon are significantly faster.
   Str:       It affects your strength (+4).
   Int:       It affects your intelligence (+4).
   rC:        It greatly protects you from cold.
Missiles
 e - 121 bolts
Armour
 c - a +2 pair of gloves (worn)
 h - a scarf of invisibility (worn)
 M - a +2 plate armour of willpower (worn)
 O - a +0 kite shield (worn)
 P - +0 fire dragon scales
Jewellery
 f - an amulet of regeneration (around neck)
 r - a ring of willpower (left hand)
 t - a +6 ring of dexterity
 v - an amulet of the acrobat
 w - a ring of flight
 y - a ring of protection from fire (right hand)
 H - a ring of fire
 J - a ring of protection from fire
 N - a ring of protection from fire
 V - an amulet of faith
 Y - the ring "Daleid" {rC+ MP+9 Int+3}
   (You took it off a centaur warrior on level 10 of the Dungeon)

   [ring of protection from cold]

   Int:       It affects your intelligence (+3).
   rC:        It protects you from cold.
   MP:        It affects your magic capacity (+9).
Wands
 k - a wand of flame (59)
 l - a wand of paralysis (12)
 D - a wand of mindburst (5)
 G - a wand of polymorph (6)
 L - a wand of digging (6)
 R - a wand of iceblast (8)
 Z - a wand of acid (4)
Scrolls
 d - 2 scrolls of fear {unknown}
 g - 3 scrolls of enchant armour
 i - 3 scrolls of torment
 j - 6 scrolls of fog
 p - 4 scrolls of blinking
 x - a scroll of brand weapon {unknown}
 C - a scroll of summoning
 E - 2 scrolls of noise {unknown}
 I - 4 scrolls of vulnerability {unknown}
 T - 2 scrolls of magic mapping {unknown}
 U - 3 scrolls of immolation {unknown}
Potions
 o - 2 potions of attraction
 q - 3 potions of resistance
 s - 2 potions of magic
 u - 5 potions of curing
 z - 3 potions of ambrosia
 A - 2 potions of invisibility {unknown}
 B - 3 potions of mutation
 F - 3 potions of haste
 Q - a potion of flight {unknown}
 S - a potion of lignification {unknown}
 W - a potion of might
 X - a potion of berserk rage {unknown}


   Skills:
 + Level 14.3 Fighting
 - Level 14.0 Axes
 + Level 14.3 Armour
 - Level 6.1 Dodging
 + Level 13.2 Shields
 * Level 13.3 Invocations


You had 13 spell levels left.
You didn't know any spells.
Your spell library contained the following spells:

 Spells                   Type           Power      Damage    Failure   Level
 Shock                    Conj/Air       0%         1d3       100%        1
 Slow                     Hex            0%         N/A       100%        1
 Sting                    Tmut/Pois      0%         1d3       100%        1
 Blink                    Tloc           0%         N/A       100%        2
 Ensorcelled Hibernation  Hex/Ice        0%         N/A       100%        2
 Passwall                 Tmut/Erth      0%         N/A       100%        2
 Poisonous Vapours        Pois/Air       0%         N/A       100%        2
 Searing Ray              Conj           0%         2d4       100%        2
 Confusing Touch          Hex            0%         N/A       100%        3
 Dazzling Flash           Conj/Hex       0%         N/A       100%        3
 Inner Flame              Hex/Fire       0%         N/A       100%        3
 Lesser Beckoning         Tloc           0%         N/A       100%        3
 Swiftness                Air            0%         N/A       100%        3
 Vampiric Draining        Necr           0%         2d6       100%        3
 Airstrike                Air            0%         N/A       100%        4
 Cause Fear               Hex            0%         N/A       100%        4
 Iskenderun's Mystic Bla  Conj/Tloc      0%         2d3       100%        4
 Olgreb's Toxic Radiance  Pois           0%         N/A       100%        4
 Summon Lightning Spire   Summ/Air       0%         N/A       100%        4
 Alistair's Intoxication  Tmut/Pois      0%         N/A       100%        5
 Borgnjor's Vile Clutch   Necr/Erth      0%         N/A       100%        5
 Fireball                 Conj/Fire      0%         3d3       100%        5
 Lightning Bolt           Conj/Air       0%         1d11      100%        5
 Manifold Assault         Tloc           0%         N/A       100%        5
 Eringya's Noxious Bog    Tmut/Pois      0%         N/A       100%        6
 Starburst                Conj/Fire      0%         6d3       100%        6
 Discord                  Hex            0%         N/A       100%        8


Dungeon Overview and Level Annotations

Branches:
Dungeon (12/15)            Temple (1/1) D:5            Lair (6/6) D:10
  Swamp (1/4) Lair:4       Spider (0/4) Lair:2        Slime (0/5) Lair:6
    Orc (2/2) D:9             Elf (0/3) Orc:2

Altars:
Ashenzari
Cheibriados
Dithmenos
Elyvilon
Fedhas
Gozag
Makhleb
Nemelex Xobeh
Okawaru
Sif Muna
Trog
Vehumet
Xom
The Shining One
Jiyva

Shops:
D:7 [

Annotations:
D:6 2 runed translucent doors, NobodyHome's ghost, amateur MiBe
Lair:4 3 runed translucent doors, Radamante's ghost, journeyman TrAK


Innate Abilities, Weirdness & Mutations

You have a pair of horns on your head.
You reflexively headbutt those who attack you in melee.


Message History

The orc knight is heavily wounded.
You hit the orc warrior but do no damage.
You hit the orc warrior.
You hit the orc warrior but do no damage.
You slash the orc warrior! Your Executioner hits the orc knight!
Your Executioner barely misses the orc knight.
Your Executioner hits the orc knight but does no damage.
The orc warrior barely misses you.
The orc warrior hits you with a +2 long sword of venom!!
* * * LOW HITPOINT WARNING * * *
You are poisoned.
The orc warrior hits you with a +0 long sword!
* * * LOW HITPOINT WARNING * * *
You feel better.
The orc warrior no longer looks unusually strong.
Your Executioner hits the orc knight!!
The orc knight dies!
Makhleb accepts your kill.
Your Executioner hits the orc warrior!
Your Executioner barely misses the orc warrior.
Your Executioner hits the orc warrior but does no damage.
You slash the orc warrior!
Lightning courses through the orc warrior!
You kill the orc warrior!
Makhleb accepts your kill.
You feel better.
You hit the orc warrior but do no damage.
You slash the orc warrior!
You hit the orc warrior but do no damage.
Your Executioner barely misses the orc warrior.
Your Executioner completely misses the orc warrior.
Your Executioner hits the orc warrior.
The orc warrior hits you with a +2 long sword of venom.
* * * LOW HITPOINT WARNING * * *
You block the orc warrior's attack.
Your Executioner barely misses the orc warrior.
Your Executioner hits the orc warrior.
Your Executioner hits the orc warrior but does no damage.
The orc warrior hits you with a +0 war axe!
You die...

..# #...................
..O##...#....#.........#.
........................
........#..............#
..............)......##
###...........)T).$...#..
#........##...)>.).......
..............ooo.)......
#.##.$#..##.#1)@o.#.##.##
## ############# #


You could see a troll, 3 orc warriors, an orc wizard (strong) and a friendly
Executioner (summoned, fast).

Vanquished Creatures
  An orc warlord (Orc:2)
  A fire dragon (D:10)
  Erolcha (D:9)
  6 hydras
  4 catoblepae
  Erica (D:10)
  A centaur warrior (D:10)
  13 death yaks (Lair:6)
  3 two-headed ogres
  A tengu warrior (D:11)
  2 orc high priests (Orc:2)
  A lindwurm (Lair:6)
  A deep elf pyromancer (D:10)
  An ugly thing (Lair:1)
  A cyclops (D:11)
  7 elephants
  3 manticores
  6 black mambas
  Joseph (D:9)
  11 cane toads
  Psyche (D:8)
  2 kobold demonologists (D:10)
  5 komodo dragons
  2 rime drakes (Lair:6)
  A tengu conjurer (D:11)
  A tyrant leech (Lair:4)
  6 trolls
  2 polar bears
  A hornet (D:7)
  22 blink frogs
  A meliai zombie (D:10)
  8 dream sheep
  3 shadows
  59 yaks
  5 wyverns
  A vampire mosquito (D:10)
  A steam dragon (D:8)
  4 basilisks
  3 wargs
  4 acid dragons (D:10)
  20 water moccasins
  5 black bears
  An ice beast (D:6)
  A sky beast (D:5)
  28 orc warriors
  5 centaurs
  11 wolves
  9 ogres
  5 phantoms
  2 kobold brigands
  7 bullfrogs
  A gnoll sergeant (D:9)
  4 scorpions
  13 killer bees
  8 wights
  2 howler monkeys (D:10)
  An electric eel (Lair:5)
  A bullfrog zombie (D:5)
  9 centaur zombies
  2 gnoll shamans
  A hound (D:4)
  25 orc priests
  3 iguanas
  2 bullfrog skeletons
  Jessica (D:2)
  Terence (D:3)
  15 orc wizards
  8 ogre zombies (D:9)
  A hound skeleton (D:4)
  2 howler monkey zombies
  18 gnolls
  7 adders
  3 white imps
  2 ufetubi (D:7)
  3 worms
  2 dart slugs (D:2)
  54 orcs
  8 endoplasms
  A giant cockroach (D:2)
  5 goblins
  7 hobgoblins
  2 jackals (D:2)
  2 quokkas
  2 ball pythons
  A frilled lizard (D:2)
  4 goblin zombies (D:9)
  2 hobgoblin skeletons (D:9)
  2 hobgoblin zombies (D:9)
  12 kobolds
  4 orc skeletons (D:9)
  13 orc zombies (D:9)
  3 rats
  A bush (Lair:4)
550 creatures vanquished.

Vanquished Creatures (collateral kills)
  3 orc knights (Orc:1)
  A troll (Orc:1)
  A yak (Lair:6)
  4 orc warriors
  An ogre (Orc:1)
  An orc priest (Orc:1)
  3 orcs (Orc:1)
14 creatures vanquished.

Vanquished Creatures (others)
  An unseen horror (D:10)
  60 fungi
  75 plants
136 creatures vanquished.

Grand Total: 700 creatures vanquished

Notes
Turn   | Place    | Note
-------+----------+-------------------------------------------
     0 | D:1      | Illumine the Minotaur Fighter began the quest for the Orb.
     0 | D:1      | Reached XP level 1. HP: 19/19 MP: 0/0
   484 | D:1      | Reached XP level 2. HP: 27/27 MP: 1/1
   952 | D:2      | Reached XP level 3. HP: 29/33 MP: 2/2
  1034 | D:2      | Noticed Jessica
  1043 | D:2      | Killed Jessica
  1197 | D:2      | Reached XP level 4. HP: 38/40 MP: 3/3
  1625 | D:3      | Noticed Terence
  1636 | D:3      | Killed Terence
  1637 | D:3      | Reached skill level 5 in Axes
  1637 | D:3      | Reached XP level 5. HP: 4/46 MP: 4/4
  1926 | D:3      | Found a faded altar of an unknown god.
  2515 | D:4      | Reached skill level 5 in Shields
  2929 | D:4      | Reached XP level 6. HP: 52/52 MP: 5/5
  3383 | D:5      | Entered Level 5 of the Dungeon
  3397 | D:5      | Reached XP level 7. HP: 17/60 MP: 6/6
  3620 | D:5      | Found a staircase to the Ecumenical Temple.
  3637 | Temple   | Entered the Ecumenical Temple
  3680 | Temple   | Became a worshipper of Makhleb the Destroyer
  3711 | D:5      | Reached skill level 5 in Fighting
  3715 | D:5      | Reached skill level 5 in Armour
  3717 | D:5      | Reached skill level 1 in Invocations
  4234 | D:5      | Reached XP level 8. HP: 50/69 MP: 8/8
  4487 | D:5      | Found a white marble altar of Elyvilon.
  4489 | D:5      | Found a sparkling altar of Nemelex Xobeh.
  4580 | D:5      | Found a snail-covered altar of Cheibriados.
  4709 | D:6      | Found a runed translucent door.
  4715 | D:6      | Noticed NobodyHome's ghost (amateur MiBe)
  4802 | D:6      | Reached * piety under Makhleb
  5000 | D:6      | Found a runed translucent door.
  5782 | D:6      | Reached skill level 10 in Axes
  5793 | D:6      | Reached XP level 9. HP: 77/78 MP: 10/10
  6339 | D:7      | Found Ystruk's Antique Armour Boutique.
  6441 | D:7      | Found a shimmering blue altar of Sif Muna.
  6529 | D:7      | Reached ** piety under Makhleb
  7152 | D:8      | You fall into a shaft and drop 3 floors!
  7153 | D:11     | Noticed a two-headed ogre
  7160 | D:11     | Killed a two-headed ogre
  7161 | D:11     | Reached skill level 5 in Invocations
  7164 | D:11     | Identified the +3 mace "Lusypawa" {speed, rC++ Str+4 Int+4}
  7228 | D:11     | Noticed a tengu conjurer
  7234 | D:11     | Noticed a tengu warrior
  7240 | D:11     | Killed a tengu conjurer
  7252 | D:11     | Killed a tengu warrior
  7253 | D:11     | Reached XP level 10. HP: 43/90 MP: 11/13
  7416 | D:11     | Noticed a cyclops
  7506 | D:11     | Killed a cyclops
  7620 | D:10     | Entered Level 10 of the Dungeon
  7726 | D:10     | Noticed a two-headed ogre
  7808 | D:10     | Reached skill level 1 in Dodging
  7818 | D:10     | Noticed a centaur warrior
  7821 | D:10     | Noticed a red ugly thing
  7894 | D:11     | Noticed a two-headed ogre
  7899 | D:11     | Killed a two-headed ogre
  8201 | D:10     | Noticed a fire dragon
  8203 | D:10     | Noticed a deep elf pyromancer
  8225 | D:10     | Killed a two-headed ogre
  8317 | D:10     | Reached XP level 11. HP: 51/97 MP: 14/14
  8533 | D:10     | Noticed a two-headed ogre
  8612 | D:9      | Reached *** piety under Makhleb
  8618 | D:9      | Noticed Erolcha
  8635 | D:9      | Killed Erolcha
  8647 | D:9      | Noticed Joseph
  8662 | D:9      | Killed Joseph
  9067 | D:8      | Noticed Psyche
  9070 | D:8      | Paralysed by Psyche for 2 turns
  9109 | D:8      | Killed Psyche
  9618 | D:9      | Reached skill level 10 in Armour
  9747 | D:9      | Reached skill level 10 in Fighting
  9899 | D:9      | Reached **** piety under Makhleb
  9938 | D:9      | Found a staircase to the Orcish Mines.
 10521 | D:9      | Found a shadowy altar of Dithmenos.
 10781 | D:10     | Reached skill level 5 in Dodging
 10850 | D:10     | Noticed a catoblepas
 10859 | D:10     | Identified the ring "Daleid" {rC+ MP+9 Int+3}
 10861 | D:10     | Noticed a soul eater
 10870 | D:10     | Killed a deep elf pyromancer
 10889 | D:10     | Killed a centaur warrior
 11587 | D:12     | Noticed a skeletal warrior
 11587 | D:12     | Noticed a phantasmal warrior
 11604 | D:10     | Found a staircase to the Lair.
 11613 | Lair:1   | Entered Level 1 of the Lair of Beasts
 11620 | Lair:1   | Killed a red ugly thing
 11784 | Lair:1   | Reached XP level 12. HP: 105/108 MP: 17/17
 12385 | Lair:1   | Noticed a five-headed hydra
 12394 | Lair:1   | Killed a two-headed hydra
 12858 | Lair:2   | Noticed a four-headed hydra
 12866 | Lair:2   | Killed a one-headed hydra
 13518 | Lair:2   | Got the Handbook of Battle Magic and Bewitchment
 13723 | Lair:2   | Reached ***** piety under Makhleb
 13843 | Lair:2   | Found a hole to the Spider Nest.
 14903 | Lair:4   | Found a runed translucent gate.
 14903 | Lair:4   | Found a runed translucent gate.
 14903 | Lair:4   | Found a runed translucent gate.
 14903 | Lair:4   | Noticed an acid blob
 14903 | Lair:4   | Noticed a rockslime
 14903 | Lair:4   | Noticed an azure jelly
 14903 | Lair:4   | Noticed an azure jelly
 14903 | Lair:4   | Noticed an acid blob
 14903 | Lair:4   | Noticed an acid blob
 14904 | Lair:4   | Noticed an azure jelly
 14904 | Lair:4   | Noticed an azure jelly
 14904 | Lair:4   | Noticed an acid blob
 14904 | Lair:4   | Noticed an acid blob
 14904 | Lair:4   | Noticed Radamante's ghost (journeyman TrAK)
 14905 | Lair:4   | Noticed an azure jelly
 14982 | Lair:4   | Reached XP level 13. HP: 118/118 MP: 19/19
 15171 | Lair:4   | Reached skill level 10 in Invocations
 15250 | Lair:4   | Found a staircase to the Swamp.
 15457 | Lair:4   | Reached skill level 10 in Shields
 15684 | Lair:4   | Found a viscous altar of Jiyva.
 16806 | Lair:6   | Entered Level 6 of the Lair of Beasts
 16854 | Lair:6   | Found a viscous altar of Jiyva.
 16854 | Lair:6   | Found a staircase to the Slime Pits.
 16926 | Lair:6   | Reached ****** piety under Makhleb
 18265 | Lair:6   | Reached XP level 14. HP: 87/129 MP: 21/21
 19539 | Swamp:1  | Entered Level 1 of the Swamp
 19876 | D:10     | Noticed Erica
 19882 | D:10     | Killed Erica
 20025 | D:10     | Found a glowing golden altar of the Shining One.
 20666 | Orc:1    | Entered Level 1 of the Orcish Mines
 20756 | Orc:2    | Entered Level 2 of the Orcish Mines
 20888 | Orc:2    | Noticed an orc warlord
 20915 | Orc:2    | Killed an orc warlord
 20994 | Orc:2    | Found a staircase to the Elven Halls.
 21469 | Orc:1    | HP: 1/132 [orc warrior[an orc knight] (9)]
 21471 | Orc:1    | Slain by an orc warrior

Illustrated notes

Levels and vault maps discovered:
D:1:      dpeg_arrival_central, layout_rooms
D:2:      layout_rooms, uniq_jessica
D:3:      layout_basic, hellmonk_ecumenical_altar_slurped_away, uniq_terence
D:4:      layout_loops_ring
D:5:      layout_cave_pools, nicolae_overflow_squiral, cheibriados_altar_1,
          minmay_temple_entry_wispy, grunt_decor_fettered
D:6:      layout_loops_ring, ebering_ghost_sewer_f, sigmund_army
D:7:      layout_cave_pools, lemuel_coloured_pillars_altar, serial_shops, shop
D:8:      layout_loops_cross, uniq_psyche
D:9:      layout_loops_ring, nicolae_dithmenos_through_a_glass_darkly,
          zombieorc2_lemuel, uniq_erolcha, uniq_joseph
D:10:     nzn_winding_woodlands_three_and_one
          [nzn_winding_woodlands_5x15_parted,
          nzn_winding_woodlands_5x15_concentric,
          nzn_winding_woodlands_5x15_cabin,
          nzn_winding_woodlands_center_garden], layout_loops_ring, tso_altar,
          due_lair_maze_entry_diamond, minmay_pinched_square, uniq_erica
D:11:     layout_rooms
D:12:     layout_loops_ring, trove_entry_hex_spiral, lemuel_flamethrower_3
Temple:   eino_temple_scatter_basement
Lair:1:   layout_loops_ring, minmay_shattered_shrine
Lair:2:   layout_misc_corridors, nicolae_spider_entry_orb_guardian
Lair:3:   statuecave_lemuel, layout_chaotic_city, st_stairs_4
Lair:4:   layout_loops_ring, palyth_hydra_swamp_entry, gammafunk_ghost_ooze
Lair:5:   layout_regular_city, st_stairs_8, infiniplex_staircase_pool,
          grunt_megastairs_2
Lair:6:   evilmike_catoblepas_cave, layout_layer_cave, slime_altar_1,
          chequers_serial_rivers_room_b, lemuel_fruit_tree
Swamp:1:  layout_basic_swamp, nicolae_swamp_orc_logging_accident
Orc:1:    layout_caves
Orc:2:    st_orc_congregation, layout_diamond_mine

Skill      XL: |  1  2  3  4  5  6  7  8  9 10 11 12 13 14 |
---------------+-------------------------------------------+-----
Axes           | 3 4 5 6 7 8 10 12 13 14 | 14.0
Fighting       | 4 5 6 8 9 10 12 13 14 | 14.3
Shields        | 4 5 9 12 13 | 13.2
Armour         | 4 5 6 8 9 10 12 13 14 | 14.3
Invocations    | 2 3 5 6 8 9 11 13 | 13.3
Dodging        | 3 6 |  6.1

Action                   |  1- 3 |  4- 6 |  7- 9 | 10-12 | 13-15 || total
-------------------------+-------+-------+-------+-------+-------++-------
Melee: War axe           |    53 |    83 |   117 |    14 |    33 ||   300
       Headbutt          |     4 |    15 |    38 |   159 |   186 ||   402
       Hand axe          |       |       |    90 |   630 |   720 ||  1440
Throw: Throwing net      |       |       |     2 |     1 |       ||     3
Invok: Lesser Servant of |       |       |       |     1 |     1 ||     2
       Greater Servant o |       |       |       |       |     4 ||     4
Evoke: Wand              |       |       |       |       |     1 ||     1
  Use: Potion            |       |       |     5 |     3 |     4 ||    12
       Scroll            |       |       |     9 |    11 |     6 ||    26
 Stab: Petrified         |       |       |       |     4 |    11 ||    15
       Petrifying        |       |       |       |       |     3 ||     3
       Distracted        |       |       |       |       |     1 ||     1
Armor: Scale mail        |    15 |    14 |       |       |       ||    29
       Chain mail        |       |    35 |    85 |    31 |       ||   151
       Plate armour      |       |       |    16 |   253 |   372 ||   641
Dodge: Dodged            |    24 |    23 |    64 |   189 |   241 ||   541
Block: Buckler           |     8 |    20 |    60 |    75 |       ||   163
       Kite shield       |       |       |       |   120 |   352 ||   472
